 Dungeon Crawl Stone Soup version 0.17-a0-2171-ga91b4ec (webtiles) character file.

3570 nicanaca0 the Cleaver (level 10, 56/76 HPs)
             Began as a Human Berserker on Oct 25, 2015.
             Was a High Priest of Trog.
             Starved to death
             ... on level 8 of the Dungeon.
             The game lasted 00:22:12 (9627 turns).

nicanaca0 the Cleaver (Human Berserker)             Turns: 9627, Time: 00:22:12

Health: 56/76      AC: 11    Str: 17    XL:     10   Next: 30%
Magic:  10/10      EV: 10    Int:  8    God:    Trog [*****.]
Gold:   80         SH:  0    Dex: 16    Spells: 0 memorised, 9 levels left

rFire  . . .     SeeInvis .     b - +0 war axe
rCold  . . .     Clarity  .     r - +0 scale mail {rN+}
rNeg   + . .     SustAt   .     (no shield)
rPois  +         Gourm    .     (no helmet)
rElec  .         Spirit   .     u - +0 cloak
rCorr  .         Warding  .     y - +0 pair of gloves
rMut   .         Stasis   .     F - +0 pair of boots
MR     .....                    (no amulet)
Stlth  ..........               (no ring)
                                k - ring of poison resistance

@: exhausted, fainting, slowed, very slow, not resistant to hostile
enchantments, extremely unstealthy
A: no striking features
a: Berserk, Trog's Hand, Brothers in Arms, Burn Spellbooks, Renounce Religion


You were on level 8 of the Dungeon.
You worshipped Trog.
Trog was extremely pleased with you.
You were fainting.

You visited 2 branches of the dungeon, and saw 9 of its levels.

You collected 498 gold pieces.
You spent 418 gold pieces at shops.

Inventory:

Hand Weapons
 b - a +0 war axe (weapon)
Missiles
 e - 206 stones (quivered)
 I - 35 bolts
Armour
 r - a +0 scale mail of positive energy (worn)
 u - a +0 cloak (worn)
 v - a +0 plate armour
 y - a +0 pair of gloves (worn)
 F - a +0 pair of boots (worn)
Jewellery
 a - a cursed ring of positive energy {unknown}
 k - a ring of poison resistance (left hand)
Wands
 l - a wand of lightning (7)
Scrolls
 d - 5 scrolls of enchant weapon
 g - 3 scrolls of teleportation
 h - 4 scrolls of remove curse
 m - a scroll of enchant armour
 o - 2 scrolls of amnesia {unknown}
 t - 4 scrolls of blinking
 w - 4 scrolls of recharging {unknown}
 B - 2 scrolls of noise {unknown}
 G - a scroll of magic mapping {unknown}
 H - a scroll of random uselessness {unknown}
 K - 2 scrolls of fog
Potions
 i - a potion of cure mutation
 j - a potion of magic
 n - 2 potions of haste
 p - 2 potions of brilliance
 q - a potion of heal wounds
 x - 2 potions of mutation
 z - 3 potions of curing {unknown}
 A - a potion of might
 D - 2 potions of invisibility {unknown}
 J - a potion of ambrosia
Comestibles
 c - 6 bread rations
 f - 5 meat rations
 s - 3 chunks of flesh
 E - 3 slices of pizza


   Skills:
 + Level 5.9 Fighting
 * Level 12.2 Axes
 + Level 5.4 Armour
 - Level 2.0 Dodging


You had 9 spell levels left.
You didn't know any spells.

Dungeon Overview and Level Annotations

Branches:
Dungeon (8/15)             Temple (1/1) D:5
   Lair: D:8-11

Altars:
Elyvilon
Kikubaaqudgha
Nemelex Xobeh
Qazlal
Ru
Trog
Vehumet
Xom
The Shining One

Shops:
D:5 :   D:6 ?   D:7 ?


Message History

You closely miss the hungry ghost.
The hungry ghost is severely damaged.
The hungry ghost hits you.
You feel slightly more hungry. The hungry ghost hits you.
You feel slightly more hungry.
You miss the hungry ghost.
The hungry ghost is severely damaged.
The hungry ghost hits you.
You feel slightly more hungry.
You hit the hungry ghost but do no damage.
The hungry ghost is severely damaged.
The hungry ghost hits you.
You feel slightly more hungry.
You hit the hungry ghost.
The hungry ghost is almost destroyed.
The hungry ghost hits you.
You feel slightly more hungry.
You miss the hungry ghost.
The hungry ghost is almost destroyed.
The hungry ghost closely misses you. x2
Your scale mail prevents you from hitting the hungry ghost.
The hungry ghost is almost destroyed.
You have starved to death.
You die...

#........#....#......#..
#........#....#......#..
#........#....#...)..#..
#........'....#..)...#..
+........###'##.)....#.#
#..............)...###.#
..#####+###..........#....
.......%..#..........#....
.........@#..........#....
.........W+..........#....
..######'##..........+....
. ....#..........#....
......'..........#....
........#..........###+#
........# ....#+#####..#
####### ...# +... #...


You could see a hungry ghost.

Vanquished Creatures
  A hippogriff (D:7)
  A wyvern (D:8)
  Menkaure (D:6)
  Duvessa (D:7)
  2 orc warriors (D:8)
  A sky beast (D:6)
  6 ogres
  A centaur (D:8)
  A big kobold (D:8)
  3 giant frogs
  Dowan (D:7)
  4 scorpions
  A jelly (D:7)
  7 wights
  3 giant frog zombies
  5 killer bees (D:7)
  8 orc wizards
  2 crimson imps
  A centaur skeleton (D:4)
  3 giant frog skeletons
  2 iguanas
  7 orc priests
  Ijyb (D:3)
  2 hounds
  4 worker ants
  A worker ant zombie (D:6)
  10 adders
  A shadow imp (D:5)
  An ooze (D:4)
  2 adder skeletons
  2 worms (D:2)
  6 giant geckos
  32 orcs
  4 giant cockroaches
  7 hobgoblins
  25 jackals
  3 ball pythons
  8 bats
  A giant gecko skeleton (D:4)
  3 giant newts
  6 goblins
  14 kobolds
  6 rats
201 creatures vanquished.

Vanquished Creatures (others)
  An ogre (D:7)
1 creature vanquished.

Grand Total: 202 creatures vanquished

Notes
Turn   | Place    | Note
--------------------------------------------------------------
     0 | D:1      | nicanaca0 the Human Berserker began the quest for the Orb.
     0 | D:1      | Reached XP level 1. HP: 18/18 MP: 1/1
   620 | D:1      | Reached XP level 2. HP: 21/24 MP: 2/2
  1189 | D:1      | Reached skill level 4 in Axes
  1189 | D:1      | Reached XP level 3. HP: 26/29 MP: 3/3
  1442 | D:2      | Reached ** piety under Trog
  1624 | D:2      | You fall through a shaft!
  1727 | D:2      | Reached XP level 4. HP: 28/35 MP: 4/4
  1885 | D:2      | Reached skill level 5 in Axes
  2405 | D:2      | Reached XP level 5. HP: 41/41 MP: 5/5
  2552 | D:3      | Noticed Ijyb
  2562 | D:3      | Killed Ijyb
  2564 | D:3      | Reached skill level 6 in Axes
  2923 | D:3      | Reached *** piety under Trog
  2950 | D:3      | Found a white marble altar of Elyvilon.
  3093 | D:3      | Reached XP level 6. HP: 47/47 MP: 6/6
  3493 | D:4      | Reached skill level 7 in Axes
  3496 | D:4      | Found Jiro's General Store.
  3680 | D:4      | Reached XP level 7. HP: 45/52 MP: 7/7
  4238 | D:4      | Found a sparkling altar of Nemelex Xobeh.
  4403 | D:4      | Reached **** piety under Trog
  4490 | D:4      | Reached skill level 8 in Axes
  4763 | D:5      | Entered Level 5 of the Dungeon
  4960 | D:5      | Found a glowing golden altar of the Shining One.
  4960 | D:5      | Found a stormy altar of Qazlal.
  4961 | D:5      | Found a bloodstained altar of Trog.
  5007 | D:5      | Found a staircase to the Ecumenical Temple.
  5015 | Temple   | Entered the Ecumenical Temple
  5258 | D:5      | Reached XP level 8. HP: 45/58 MP: 8/8
  5376 | D:5      | Found Widd's Book Boutique.
  5435 | D:6      | Reached skill level 9 in Axes
  5689 | D:6      | Found Ahuann's Magic Scroll Shop.
  5694 | D:6      | Bought a scroll of enchant weapon for 112 gold pieces
  5694 | D:6      | Bought a scroll of identify for 30 gold pieces
  6357 | D:6      | Reached skill level 10 in Axes
  6390 | D:6      | Found a sacrificial altar of Ru.
  6546 | D:6      | Noticed Menkaure
  6558 | D:6      | Killed Menkaure
  6893 | D:6      | Reached XP level 9. HP: 52/64 MP: 9/9
  7274 | D:7      | Reached ***** piety under Trog
  7296 | D:7      | Noticed Dowan
  7297 | D:7      | Noticed Duvessa
  7313 | D:7      | Killed Duvessa
  7315 | D:7      | Killed Dowan
  7315 | D:7      | Reached skill level 11 in Axes
  7360 | D:7      | You fall through a shaft!
  7793 | D:7      | Found Xuproukk's Magic Scroll Emporium.
  7799 | D:7      | Bought a scroll of blinking for 90 gold pieces
  7799 | D:7      | Bought a scroll of enchant armour for 90 gold pieces
  7799 | D:7      | Bought a scroll of identify for 24 gold pieces
  7799 | D:7      | Bought a scroll of identify for 24 gold pieces
  7799 | D:7      | Bought a scroll of identify for 24 gold pieces
  7799 | D:7      | Bought a scroll of fog for 24 gold pieces
  7866 | D:7      | Reached skill level 5 in Fighting
  7874 | D:7      | Found a radiant altar of Vehumet.
  8562 | D:7      | Reached XP level 10. HP: 65/74 MP: 10/10
  9340 | D:8      | Reached skill level 12 in Axes
  9340 | D:8      | Reached skill level 5 in Armour
  9627 | D:8      | Starved to death

Vault maps used:
D:1:      saegor_arrival_simple_f, nrook_mini_backslash, serial_park_tiny_2
D:2:      first_bread, hangedman_decor_diamond_cutter, hex_tiny
D:3:      elyvilon_altar_4, uniq_iyjb
D:4:      serial_shops, shop_coins, nemelex_spade_bored_becter
D:5:      gammafunk_temple_overflow_claw, minmay_temple_entry_purple_smoke,
          serial_shops, shop
D:6:      serial_shops, shop, nicolae_ru_the_path_less_chosen, uniq_menkaure
D:7:      fiery_altar_vehumet, serial_shops, shop, uniq_duvessa
Temple:   circular_temple_pool_12

Action                   |  1- 3 |  4- 6 |  7- 9 | 10-12 || total
-------------------------+-------+-------+-------+-------++-------
Melee: Hand axe          |   140 |   253 |   130 |       ||   523
       War axe           |       |       |   319 |    94 ||   413
Throw: Stone             |     8 |       |       |     6 ||    14
Invok: Berserk           |       |     3 |     7 |     4 ||    14
       Burn Spellbooks   |       |     1 |     3 |       ||     4
       Trog's Hand       |       |       |     3 |     1 ||     4
  Use: Scroll            |       |       |    11 |       ||    11
  Eat: Chunk             |     3 |     8 |    20 |     7 ||    38
       Pizza             |       |     1 |       |       ||     1
       Beef jerky        |       |       |     2 |       ||     2
